 Dungeon Crawl Stone Soup version 0.29-a0-490-g77b3608bb8 (webtiles) character file.

Game seed: 11576927300004788529

1868 hquester the Skirmisher (level 8, -3/84 HPs)
             Began as a Troll Fighter on May 26, 2022.
             Slain by Joseph
             ... wielding a +0 quarterstaff
              (10 damage)
             ... on level 7 of the Dungeon.
             The game lasted 00:21:36 (4732 turns).

hquester the Skirmisher (Troll Fighter)             Turns: 4732, Time: 00:21:37

Health: -3/84      AC:  5    Str: 25    XL:     8   Next: 90%
Magic:  7/7        EV: 11    Int:  4    God:
Gold:   415        SH: 14    Dex: 17    Spells: 7/7 levels left

rFire   + . .      SeeInvis .     - Unarmed
rCold   . . .      Faith    .   b - +4 kite shield
rNeg    + . .      Spirit   .   f - +0 robe {rF+}
rPois   .          Reflect  .   (helmet restricted)
rElec   .          Harm     .   h - +0 cloak
rCorr   .          Rampage  .   (gloves unavailable)
Will    .....                   (boots unavailable)
Stlth   ++........              (no amulet)
HPRegen 1.04/turn               n - +6 ring of dexterity
MPRegen 0.10/turn               e - ring of positive energy

@: brilliant, on berserk cooldown, slowed, very slow
A: large, unfitting armour, claws 3, regeneration 1, shaggy fur 1, tough skin 1
a: no special abilities


You were on level 7 of the Dungeon.
You visited 1 branch of the dungeon, and saw 7 of its levels.

You collected 415 gold pieces.

Inventory:

Hand Weapons
 x - a +1 vorpal mace
Missiles
 m - 4 throwing nets (quivered)
Armour
 b - a +4 kite shield (worn)
 f - a +0 robe of fire resistance (worn)
 h - a +0 cloak (worn)
Jewellery
 e - a ring of positive energy (right claw)
 n - a +6 ring of dexterity (left claw)
 o - a ring of poison resistance
 t - a ring of protection from cold
Wands
 a - a wand of flame (20)
 v - a wand of iceblast (10)
 w - a wand of acid (11)
Scrolls
 i - 3 scrolls of teleportation
 k - a scroll of amnesia {unknown}
 l - a scroll of summoning
 u - a scroll of fear
Potions
 c - 2 potions of might
 d - a potion of berserk rage
 g - a potion of attraction {unknown}
 j - a potion of heal wounds {unknown}
 p - a potion of flight {unknown}
 q - a potion of brilliance
 s - a potion of cancellation {unknown}


   Skills:
 * Level 6.6 Fighting
 + Level 4.9 Dodging
 + Level 5.4 Shields
 + Level 5.4 Unarmed Combat


You had 7 spell levels left.
You didn't know any spells.
Your spell library contained the following spells:

 Spells                   Type           Power      Damage    Failure   Level
 Foxfire                  Conj/Fire      0%         2x1d4     77%         1
 Sandblast                Erth           0%         2d4       77%         1
 Passwall                 Tmut/Erth      0%         N/A       88%         2
 Conjure Flame            Conj/Fire      0%         6-21      98%         3
 Gell's Gravitas          Tloc           0%         N/A       98%         3
 Inner Flame              Hex/Fire       0%         N/A       98%         3
 Stone Arrow              Conj/Erth      0%         3d7       98%         3
 Teleport Other           Tloc           0%         N/A       98%         3
 Animate Dead             Necr           0%         N/A       100%        4
 Flame Wave               Conj/Fire      0%         2d4       100%        4
 Borgnjor's Vile Clutch   Necr/Erth      0%         N/A       100%        5
 Death Channel            Necr           0%         N/A       100%        6
 Dispersal                Tloc           0%         N/A       100%        6


Dungeon Overview and Level Annotations

Branches:
Dungeon (7/15)
 Temple: D:4-7

Altars:

Annotations:
D:7 Joseph


Innate Abilities, Weirdness & Mutations

You are too large for most types of armour.
You have claws for hands.
Your natural rate of healing is unusually fast.
You are covered in fur. (AC +1)
You have tough skin. (AC +1)


Message History

You kill Duvessa!
Dowan screams, "No!
Oh no!"
Dowan seems to find hidden reserves of power!
You claw Dowan!
Dowan is heavily wounded.
You block Dowan's attack.
You barely miss Dowan.
Dowan is heavily wounded.
You block Dowan's attack.
You claw Dowan!
You kill Dowan!
Joseph unwields a +0 quarterstaff.
Joseph wields a +0 hunting sling.
Joseph shoots a sling bullet.
The sling bullet closely misses you.
You claw something! Something hits you but does no damage.
You miss something. You claw something! You block something's attack.
You scratch something.
Reactivating autopickup.
You feel a bit more experienced.
Joseph shoots a sling bullet.
You block the sling bullet.
You feel a strong urge to attack something.
You are no longer berserk.
You are exhausted.
You feel yourself slow down.
Joseph unwields a +0 hunting sling.
Joseph wields a +0 quarterstaff.
Joseph hits you with a +0 quarterstaff!
* * * LOW HITPOINT WARNING * * *
Items here: )) [[ †††.
You barely miss Joseph. Joseph closely misses you.
You closely miss Joseph. Joseph closely misses you.
You barely miss Joseph. You block Joseph's attack.
Joseph hits you with a +0 quarterstaff!
* * * LOW HITPOINT WARNING * * *
You feel better. Joseph hits you with a +0 quarterstaff.
* * * LOW HITPOINT WARNING * * *
It was a potion of brilliance.
You feel clever all of a sudden. Joseph hits you with a +0 quarterstaff!
* * * LOW HITPOINT WARNING * * *
Joseph hits you with a +0 quarterstaff!
You die...

.. .. ..
######## .#
#.###......# .#
#.....<..#.# .#
#........#.##.#
#..##.#...@@..#
#. #+#..#.####
#....# ###.###
.....# .......#
########


You could see Joseph.

Vanquished Creatures
  Sigmund (D:5)
  A wyvern (D:7)
  Duvessa (D:7)
  A sky beast (D:7)
  A phantom (D:4)
  4 centaurs
  2 bullfrogs (D:6)
  A necrophage (D:4)
  2 scorpions
  Dowan (D:7)
  A howler monkey (D:4)
  A hound (D:6)
  A jelly (D:3)
  A gnoll shaman (D:4)
  An orc priest (D:4)
  Crazy Yiuf (D:6)
  3 iguanas
  3 orc wizards
  Natasha (thrice) (D:2)
  5 adders
  6 gnolls
  A shadow imp (D:6)
  A white imp (D:5)
  An ufetubus (D:5)
  A worm (D:2)
  4 dart slugs
  7 orcs
  4 ball pythons
  6 bats
  4 endoplasms
  A giant cockroach (D:1)
  3 goblins
  6 hobgoblins
  10 jackals
  8 kobolds
  4 quokkas
  3 frilled lizards
  5 rats
110 creatures vanquished.

Notes
Turn   | Place    | Note
-------+----------+-------------------------------------------
     0 | D:1      | hquester the Troll Fighter began the quest for the Orb.
     0 | D:1      | Reached XP level 1. HP: 22/22 MP: 0/0
   135 | D:1      | Reached XP level 2. HP: 29/29 MP: 1/1
   179 | D:1      | Found a faded altar of an unknown god.
   664 | D:1      | Reached XP level 3. HP: 36/36 MP: 2/2
   761 | D:2      | Reached skill level 3 in Fighting
   986 | D:2      | Noticed Natasha
   996 | D:2      | Killed Natasha
   997 | D:2      | Reached XP level 4. HP: 24/45 MP: 3/3
  1153 | D:2      | Noticed Natasha
  1161 | D:2      | Killed Natasha
  1163 | D:2      | Noticed Natasha
  1171 | D:2      | Killed Natasha
  1253 | D:3      | Reached XP level 5. HP: 53/53 MP: 4/4
  2035 | D:4      | Reached skill level 4 in Fighting
  2035 | D:4      | Reached XP level 6. HP: 51/62 MP: 5/5
  2802 | D:4      | Reached XP level 7. HP: 71/71 MP: 6/6
  2810 | D:4      | Identified the +1 chain mail of the Gloaming {rPois Regen+
                  | Str-2}
  3126 | D:5      | Entered Level 5 of the Dungeon
  3130 | D:5      | Noticed Sigmund
  3560 | D:5      | Reached skill level 5 in Fighting
  3747 | D:5      | Killed Sigmund
  3968 | D:6      | Reached XP level 8. HP: 81/81 MP: 7/7
  4384 | D:6      | Found a runed translucent door.
  4385 | D:6      | Noticed Crazy Yiuf
  4397 | D:6      | Killed Crazy Yiuf
  4515 | D:6      | Reached skill level 6 in Fighting
  4515 | D:6      | Reached skill level 5 in Shields
  4573 | D:6      | Reached skill level 5 in Unarmed Combat
  4702 | D:7      | Noticed Joseph
  4702 | D:7      | Noticed Duvessa
  4702 | D:7      | Noticed Dowan
  4718 | D:7      | Killed Duvessa
  4721 | D:7      | Killed Dowan
  4732 | D:7      | Slain by Joseph

Illustrated notes

Levels and vault maps discovered:
D:1:      beargit_arrival_greenhouse, layout_loops_ring,
          hellmonk_ecumenical_altar_lost_god, minmay_stone_trees_small
D:2:      minmay_evil_eye, layout_basic, uniq_natasha
D:3:      layout_basic
D:4:      layout_loops_corners
D:5:      layout_basic, uniq_sigmund
D:6:      layout_basic, nicolae_figureground_pulse, uniq_crazy_yiuf_cottage
D:7:      layout_loops_cross, pdpol_wu_jian_five_deadly_venoms,
          minmay_temple_entry_statues, serial_shops, nicolae_stop_n_shop_2,
          shop, nicolae_diamond_shop, nicolae_shop_window_shopping, shop,
          uniq_joseph, uniq_prince_ribbit1, uniq_duvessa

Skill      XL: |  1  2  3  4  5  6  7  8 |
---------------+-------------------------+-----
Shields        | 3 4 5 |  5.4
Fighting       | 3 4 5 6 |  6.6
Dodging        | 3 4 |  4.9
Unarmed Combat | 3 4 5 |  5.4

Action                   |  1- 3 |  4- 6 |  7- 9 || total
-------------------------+-------+-------+-------++-------
Melee: Unarmed           |    96 |   152 |   149 ||   397
  Use: Scroll            |       |       |    12 ||    12
       Potion            |       |       |     4 ||     4
 Stab: Sleeping          |       |     2 |       ||     2
Armor: Robe              |    28 |    32 |    38 ||    98
Dodge: Dodged            |    31 |    54 |    59 ||   144
Block: Kite shield       |    41 |    53 |    91 ||   185

Table legend: (Time is in decaauts)
 A = Elapsed time spent in this place.
 B = Non-inter-level travel time spent in this place.
 C = Inter-level travel time spent in this place.
 D = Time resting spent in this place.
 E = Time spent auto-exploring this place.
 F = Levels seen in this place.
 G = Mean time per level.
                   A        B        C        D        E       F      G
               +--------+--------+--------+--------+--------+-----+--------+
         Total |   4764 |   4591 |    173 |    232 |   2855 |   7 |  680.6 |
       Dungeon |   4764 |   4591 |    173 |    232 |   2855 |   7 |  680.6 |
               +--------+--------+--------+--------+--------+-----+--------+

Top non-repeatable levels by time:
     D:4: 1316 daAuts
     D:6: 741 daAuts
     D:1: 725 daAuts
     D:3: 718 daAuts
     D:5: 646 daAuts
     D:2: 589 daAuts
     D:7: 27 daAuts
